 Dungeon Crawl Stone Soup version 0.30.0-5-g1a98f26d00 (webtiles) character file.

Game seed: 15711314910824833903

29995 browni3141 the Ogreish Catastrophe (level 13, -2/145 HPs)
             Began as an Ogre Delver on May 10, 2023.
             Was an Elder of Qazlal.
             Slain by a seven-headed hydra (7 damage)
             ... on level 3 of the Lair of Beasts.
             The game lasted 00:28:00 (17160 turns).

browni3141 the Ogreish Catastrophe (Ogre Delver)   Turns: 17160, Time: 00:28:01

Health: -2/145     AC:  9    Str: 23    XL:     13   Next: 48%
Magic:  24/24      EV:  9    Int: 11    God:    Qazlal [****..]
Gold:   666        SH: 10    Dex: 10    Spells: 12/12 levels left

rFire   + . .        n - +0 giant club (elec)
rCold   + . .        (shield currently unavailable)
rNeg    . . .        S - +2 robe {rC+ rF+}
rPois   +            c - +1 hat
rElec   .            K - +2 cloak
rCorr   .            (gloves unavailable)
SInv    .            (boots unavailable)
Will    +....        o - amulet of reflection
Stlth   +            u - +4 ring of slaying
HPRegen 0.44/turn    f - ring of poison resistance
MPRegen 0.19/turn

%: repel missiles, reflection
@: studying 2 skills
A: large, unfitting armour, tough skin 1
a: Renounce Religion, Upheaval, Elemental Force


You were on level 3 of the Lair of Beasts.
You worshipped Qazlal.
Qazlal was greatly pleased with you.
You visited 3 branches of the dungeon, and saw 14 of its levels.
You also visited: Ossuary and Bailey.

You collected 1086 gold pieces.
You spent 420 gold pieces at shops.

Inventory:

Hand Weapons
 n - a +0 giant club of electrocution (weapon)
 I - a +0 giant spiked club
Missiles
 a - 23 javelins (quivered)
 l - 7 large rocks
 z - 7 boomerangs
 J - 16 poisoned darts
 T - 3 boomerangs of dispersal
 Z - a throwing net
Armour
 c - a +1 hat (worn)
 K - a +2 cloak (worn)
 S - a +2 robe of resistance (worn)
Jewellery
 b - a +6 ring of strength
 e - a ring of see invisible
 f - a ring of poison resistance (right hand)
 o - an amulet of reflection (around neck)
 u - a +4 ring of slaying (left hand)
Wands
 g - a wand of digging (1)
 p - a wand of polymorph (14)
 A - a wand of acid (16)
 P - a wand of paralysis (9)
 U - a wand of mindburst (8)
 V - a wand of flame (63)
Scrolls
 d - 2 scrolls of magic mapping
 k - 3 scrolls of fear
 m - a scroll of silence
 q - 4 scrolls of enchant weapon
 s - 2 scrolls of fog
 v - a scroll of torment {unknown}
 y - a scroll of noise {unknown}
 B - 8 scrolls of teleportation
 D - a scroll of brand weapon
 E - 3 scrolls of poison
 G - 5 scrolls of enchant armour
 Q - a scroll of butterflies {unknown}
 R - 3 scrolls of immolation
 W - 3 scrolls of vulnerability {unknown}
Potions
 h - 4 potions of haste
 i - 2 potions of invisibility
 j - a potion of mutation
 r - a potion of cancellation {unknown}
 t - 5 potions of resistance
 w - 3 potions of berserk rage
 x - 4 potions of brilliance
 C - 4 potions of curing
 F - 5 potions of flight
 H - 8 potions of heal wounds
 L - 4 potions of lignification
 M - a potion of might
 N - 2 potions of ambrosia
 O - 2 potions of attraction {unknown}
 X - 3 potions of degeneration {unknown}
 Y - 3 potions of magic {unknown}


   Skills:
 + Level 13.9 Fighting
 * Level 14.0 Maces & Flails
 + Level 0.1 Throwing
 - Level 1.7 Dodging
 - Level 3.7 Stealth
 * Level 15.4 Invocations
 - Level 3.0 Evocations


You had 12 spell levels left.
You didn't know any spells.
Your spell library contained the following spells:

 Spells                   Type           Power      Damage    Failure   Level
 Freeze                   Ice            0%         1d3       34%         1
 Kiss of Death            Conj/Necr      0%         2d5       34%         1
 Magic Dart               Conj           0%         1d3       34%         1
 Searing Ray              Conj           0%         2d4       47%         2
 Frozen Ramparts          Ice            0%         1d1       71%         3
 Hailstorm                Conj/Ice       0%         3d3       71%         3
 Animate Dead             Necr           0%         N/A       98%         4
 Fulminant Prism          Conj/Hex       0%         3d5       98%         4
 Alistair's Intoxication  Tmut/Pois      0%         N/A       100%        5
 Yara's Violent Unravell  Hex/Tmut       0%         3d3       100%        5
 Death Channel            Necr           0%         N/A       100%        6
 Infestation              Necr           0%         N/A       100%        8


Dungeon Overview and Level Annotations

Branches:
Dungeon (10/15)            Temple (1/1) D:4            Lair (3/5) D:9
  Swamp (0/4) Lair:2        Snake (0/4) Lair:2          Orc (0/2) D:10
Ossuary (visited)          Bailey (visited)

Altars:
Ashenzari
Cheibriados
Dithmenos
Elyvilon
Fedhas
Gozag
Hepliaklqana
Kikubaaqudgha
Makhleb
Nemelex Xobeh
Okawaru
Qazlal
Ru
Sif Muna
Trog
Uskayaw
Vehumet
Wu Jian
Xom
Yredelemnul
Zin
The Shining One
Jiyva

Shops:
D:1 =   D:2 (


Innate Abilities, Weirdness & Mutations

You are too large for most types of armour.
You have tough skin. (AC +1)


Message History

Lightning courses through the bullfrog!!
You kill the bullfrog!
Qazlal accepts your kill.
No target in view!
You see here a bullfrog corpse.
Found a stone staircase leading down.
You now have 652 gold pieces (gained 17).
Key pressed, stopping explore.
You see here a bullfrog corpse.
Done exploring.
No target in view!
No target in view!
Done exploring.
Done exploring.
Done exploring.
There is a staircase to the Swamp here.
There is a stone staircase leading down here.
Okay, then.
Unknown command.
You climb downwards.
There is a stone staircase leading up here.
Unknown command.
Found a stone staircase leading down.
There is a shaft here.
You now have 666 gold pieces (gained 14).
H - 8 potions of heal wounds (gained 1)
a - 16 poisoned darts (gained 3);
J - 16 poisoned darts
a - 23 javelins (quivered)
You hear a howl!
You hear a roar!
A wolf comes into view.
A wolf is nearby!
You hear a howl!
A wolf comes into view.
A wolf comes into view.
You sock the wolf!
The wolf is severely wounded.
The wolf bites you. The wolf closely misses you.
You barely miss the wolf.
The wolf is severely wounded.
The wolf closely misses you.
You bludgeon the wolf!!
You kill the wolf!
Qazlal accepts your kill.
You closely miss the wolf.
You hear a roar!
A seven-headed hydra comes into view.
The wolf bites you but does no damage.
You bludgeon the wolf!! Lightning courses through the wolf!
You kill the wolf!
Qazlal accepts your kill. The wolf bites you.
You beat the wolf like a drum!!!
Lightning courses through the wolf!!
You kill the wolf!
Qazlal accepts your kill.
You sock the seven-headed hydra!
The seven-headed hydra is lightly wounded.
You block the seven-headed hydra's attack.
The seven-headed hydra bites you. x3
The seven-headed hydra bites you but does no damage.
The seven-headed hydra bites you.
You block the seven-headed hydra's attack.
You bludgeon the seven-headed hydra!!
The seven-headed hydra is heavily wounded.
You block the seven-headed hydra's attack.
The seven-headed hydra barely misses you.
The seven-headed hydra bites you but does no damage.
The seven-headed hydra bites you! x3; The seven-headed hydra misses you.
You sock the seven-headed hydra!
The seven-headed hydra is severely wounded.
The seven-headed hydra bites you!
The seven-headed hydra bites you but does no damage.
The seven-headed hydra bites you!
The seven-headed hydra bites you but does no damage.
The seven-headed hydra bites you! The seven-headed hydra bites you. x2
You are too injured to fight recklessly!
You are too injured to fight recklessly!
You barely miss the seven-headed hydra.
The seven-headed hydra is severely wounded.
The seven-headed hydra closely misses you.
The seven-headed hydra bites you but does no damage.
The seven-headed hydra bites you.
The seven-headed hydra barely misses you.
The seven-headed hydra bites you!
* * * LOW HITPOINT WARNING * * *
The seven-headed hydra bites you!
* * * LOW HITPOINT WARNING * * *
The seven-headed hydra bites you!
* * * LOW HITPOINT WARNING * * *
Aiming: Corrosive Bolt
Press: ? - help, Shift-Dir - straight line, f - seven-headed hydra
Aim: a seven-headed hydra (severely wounded, 91% to hit)
The bolt of acid hits the seven-headed hydra!
The acid corrodes the seven-headed hydra!
The seven-headed hydra is almost dead.
You block the seven-headed hydra's attack.
The seven-headed hydra bites you!
* * * LOW HITPOINT WARNING * * *
The seven-headed hydra bites you!
You die...

...(.. ### #
.....####P### #. ..
.....##..#.# ..#
.............# ...
[...#.....$.######.#
.....§..°...##.....##.
.....○D.(...##....#...
..#P°.@§....#........
#...§...........# .
##.°..#.......### ##.
##...†......#.####...
#......#......##.....
##...........#...8..
#.....##.#.....#..#
.......#.##....##.+# #
..#....#...........#..


You could see a seven-headed hydra (corroded).

Vanquished Creatures
  2 hydras (Lair:2)
  2 two-headed ogres
  A boulder beetle (Lair:1)
  A skyshark (Lair:2)
  The ghost of Voxie the Ogre Mage, a novice OgWn of Hepliaklqana (D:7)
  10 elephants
  3 black mambas
  Maurice (D:8)
  2 torpor snails (Lair:2)
  2 rime drakes (Lair:2)
  7 cane toads
  4 komodo dragons
  3 polar bears
  2 dream sheep (D:8)
  3 blink frogs (Lair:2)
  15 yaks
  2 wraiths
  A hog (D:8)
  4 wyverns
  Eustachio (D:4)
  A steam dragon (Lair:2)
  2 basilisks (Lair:2)
  2 wargs (D:9)
  7 water moccasins
  15 orc warriors
  2 sky beasts
  2 ogres (D:5)
  4 black bears
  An ice beast (D:5)
  12 wolves
  14 centaurs
  2 kobold brigands (D:9)
  Blork the orc (D:4)
  8 bullfrogs
  3 gnoll sergeants
  4 scorpions
  A water moccasin zombie (Ossuary)
  A wight (Ossuary)
  12 killer bees (D:9)
  4 howler monkeys
  An electric eel (Lair:1)
  A centaur zombie (Ossuary)
  A bullfrog zombie (Ossuary)
  3 hounds
  5 jellies
  4 orc priests
  A gnoll bouda (D:8)
  5 sleepcaps
  Ijyb (D:4)
  3 scorpion zombies (Ossuary)
  4 iguanas
  13 orc wizards
  2 ogre zombies (Ossuary)
  A mummy (D:10)
  Robin (D:3)
  24 gnolls
  10 adders
  A shadow imp (D:6)
  2 adder zombies (Ossuary)
  4 dart slugs
  56 orcs
  3 ball pythons
  7 endoplasms
  4 giant cockroaches
  17 goblins
  10 hobgoblins
  3 jackals (D:2)
  5 quokkas
  6 bats
  2 frilled lizards
  2 gnoll zombies (Ossuary)
  2 goblin zombies (Ossuary)
  3 hobgoblin zombies (Ossuary)
  12 kobolds
  4 orc zombies (Ossuary)
  2 rats
390 creatures vanquished.

Vanquished Creatures (collateral kills)
  Gastronok (D:8)
  A cane toad (D:9)
  A komodo dragon (D:9)
  2 polar bears (D:8)
  2 dream sheep (D:8)
  A blink frog (Lair:2)
  A wyvern (D:8)
  A basilisk (Lair:1)
  A water moccasin (Lair:2)
  A black bear (D:8)
  2 bullfrogs
14 creatures vanquished.

Grand Total: 404 creatures vanquished

Notes
Turn   | Place    | Note
-------+----------+-------------------------------------------
     0 | D:5      | browni3141 the Ogre Delver began the quest for the Orb.
     0 | D:5      | Reached XP level 1. HP: 24/24 MP: 1/1
    26 | D:4      | Noticed a scorpion
    41 | D:4      | Noticed an orc wizard
   145 | D:4      | Noticed Eustachio
   152 | D:4      | Found a staircase to the Ecumenical Temple.
   164 | Temple   | Entered the Ecumenical Temple
   262 | D:4      | Found a stormy altar of Qazlal.
   271 | D:4      | Found an ancient bone altar of Kikubaaqudgha.
   271 | D:4      | Noticed a scorpion
   283 | D:4      | Became a worshipper of Qazlal Stormbringer
   398 | D:2      | Found Ystuttuc's Antique Weapon Emporium.
   399 | D:2      | Noticed Robin
   443 | D:1      | Found Jatok's Jewellery Boutique.
   494 | D:1      | Reached XP level 2. HP: 23/32 MP: 2/2
   861 | D:1      | Found a faded altar of an unknown god.
   980 | D:1      | Reached XP level 3. HP: 40/40 MP: 3/3
  1048 | D:1      | Reached * piety under Qazlal
  1197 | D:2      | Reached skill level 3 in Maces & Flails
  1288 | D:3      | Reached skill level 1 in Invocations
  1308 | D:3      | Killed Robin
  1309 | D:3      | Reached XP level 4. HP: 36/49 MP: 4/4
  1760 | D:3      | Found an iron altar of Okawaru.
  1826 | D:3      | Got the Anthology of Sinister Transmogrification
  1828 | D:3      | Reached skill level 2 in Invocations
  1841 | D:3      | Reached XP level 5. HP: 46/57 MP: 6/6
  1899 | D:3      | Reached ** piety under Qazlal
  2726 | D:4      | Noticed a black bear
  2736 | D:4      | Killed a black bear
  2737 | D:4      | Reached skill level 3 in Invocations
  2737 | D:4      | Reached XP level 6. HP: 49/66 MP: 8/8
  2818 | D:4      | Noticed Blork the orc
  2823 | D:4      | Killed Blork the orc
  2853 | D:4      | Noticed Ijyb
  2862 | D:4      | Killed Ijyb
  3044 | D:4      | Killed Eustachio
  3045 | D:4      | Reached skill level 6 in Fighting
  3045 | D:4      | Reached skill level 4 in Invocations
  3045 | D:4      | Reached XP level 7. HP: 14/75 MP: 8/10
  3457 | D:4      | Reached skill level 5 in Invocations
  4072 | D:5      | Reached XP level 8. HP: 56/84 MP: 10/12
  4223 | D:5      | Reached skill level 6 in Maces & Flails
  4223 | D:5      | Reached skill level 6 in Invocations
  5012 | D:5      | Got Sif Muna's Writings on Polluted Shades
  5600 | D:6      | Found a glowing golden altar of the Shining One.
  6001 | D:6      | Reached skill level 7 in Invocations
  6124 | D:6      | Reached XP level 9. HP: 38/93 MP: 14/14
  6392 | D:6      | Found an ornate altar of the Wu Jian Council.
  6765 | D:7      | Found a large runed translucent door.
  6766 | D:7      | Found a large runed translucent door.
  6783 | D:7      | Found a sand-covered staircase.
  6793 | Ossuary  | Entered an ossuary
  6918 | Ossuary  | Reached *** piety under Qazlal
  7093 | Ossuary  | Noticed a silent spectre
  7266 | D:1      | Bought an amulet of reflection for 420 gold pieces
  7396 | D:7      | Found a blossoming altar of Fedhas.
  7435 | D:7      | Reached skill level 8 in Invocations
  7645 | D:7      | Reached skill level 3 in Evocations
  7913 | D:7      | Found a runed translucent gate.
  7913 | D:7      | Found a runed translucent gate.
  7913 | D:7      | Found a runed translucent gate.
  7914 | D:7      | Noticed Voxie's ghost (novice OgWn)
  7951 | D:7      | Found a hazy altar of Hepliaklqana.
  8058 | D:7      | Found a radiant altar of Vehumet.
  8066 | D:7      | Found a glowing silver altar of Zin.
  8139 | D:7      | Killed Voxie's ghost
  8221 | D:8      | Reached skill level 9 in Invocations
  8295 | D:8      | Noticed Gastronok
  8309 | D:8      | Reached XP level 10. HP: 48/102 MP: 16/16
  8733 | D:8      | Noticed a two-headed ogre
  8760 | D:8      | Noticed a two-headed ogre
  8763 | D:8      | Killed a two-headed ogre
  8764 | D:8      | Reached skill level 9 in Maces & Flails
  8920 | D:8      | Noticed Maurice
  8943 | D:8      | Killed Maurice
  8944 | D:8      | Reached skill level 10 in Invocations
  9108 | D:8      | Killed Gastronok
  9218 | D:8      | Found a huge runed translucent gate.
  9219 | D:8      | Found a huge runed translucent gate.
  9223 | D:8      | Found a huge runed translucent gate.
  9224 | D:8      | Found a huge runed translucent gate.
  9471 | D:9      | Reached skill level 11 in Invocations
 10108 | D:9      | Noticed a two-headed ogre
 10115 | D:9      | Killed a two-headed ogre
 10116 | D:9      | Reached XP level 11. HP: 93/109 MP: 19/19
 10159 | D:9      | Found a staircase to the Lair.
 10315 | D:9      | Found a viscous altar of Jiyva.
 10616 | D:9      | Reached skill level 12 in Invocations
 10816 | D:9      | Found a broken altar of Ashenzari.
 10950 | D:10     | Entered Level 10 of the Dungeon
 11073 | D:10     | Reached **** piety under Qazlal
 11144 | D:10     | Found a shimmering altar of Xom.
 11179 | D:10     | Found a flagged portal.
 11211 | Bailey   | Entered a bailey
 12413 | D:10     | Found a staircase to the Orcish Mines.
 12509 | D:10     | Found a shadowy altar of Dithmenos.
 12884 | D:10     | Found a snail-covered altar of Cheibriados.
 13025 | Lair:1   | Entered Level 1 of the Lair of Beasts
 13040 | D:9      | Reached skill level 13 in Invocations
 13302 | Lair:1   | You fall into a shaft and drop 1 floor!
 13343 | Lair:2   | Found a staircase to the Swamp.
 13417 | Lair:2   | Reached skill level 9 in Fighting
 13417 | Lair:2   | Reached XP level 12. HP: 63/123 MP: 22/22
 13619 | Lair:2   | Noticed a skyshark
 13638 | Lair:2   | Killed a skyshark
 13639 | Lair:2   | Reached skill level 12 in Maces & Flails
 13653 | Lair:2   | HP: 6/126 [poisoned by a cane toad]
 13989 | Lair:1   | Noticed a boulder beetle
 14008 | Lair:1   | Killed a boulder beetle
 14157 | Lair:1   | Reached skill level 14 in Invocations
 15217 | D:8      | Reached skill level 12 in Fighting
 15395 | Lair:2   | Found a staircase to the Snake Pit.
 15587 | Lair:2   | Reached XP level 13. HP: 120/141 MP: 23/23
 15938 | Lair:2   | Reached skill level 15 in Invocations
 17160 | Lair:3   | HP: 5/145 [seven-headed hydra (12)]
 17160 | Lair:3   | Slain by a seven-headed hydra

Illustrated notes

Levels and vault maps discovered:
D:1:      spicycebolla_green_bress_n_ham_2, layout_rooms, serial_shops,
          nicolae_shop_tiny_real_fake_doors,
          hellmonk_ecumenical_altar_inner_sanctum
D:2:      layout_rooms, serial_shops, shop, corexii_shack, uniq_robin
D:3:      layout_basic, old_standard_altar
D:4:      layout_loops_ring, mainiacjoe_overflow_swirl,
          minmay_temple_entry_trees, uniq_blork_the_orc, uniq_eustachio,
          uniq_ijyb
D:5:      layout_loops_ring, lightli_minifort
D:6:      layout_cave_pools, nzn_wu_jian_council_hall, tso_oasis_becter
D:7:      layout_rooms, fedhas_altar_2, nicolae_hepliaklqana_hippocampus,
          jmf_multi_god_temple2, lightli_ossuary_entry_decrepit_ruins,
          ebering_ghost_rock_garden
D:8:      lemuel_bear_cage, layout_gridville, uniq_maurice, uniq_gastronok
D:9:      layout_roguey, evilmike_ruin_ashenzari, erik_lair_orcish_takeover,
          jiyva_altar_1
D:10:     minmay_flawed_box, layout_cave_pods, chei_slow_surprise,
          mainiacjoe_overflow_small_starburst, nicolae_dithmenos_shadow_blocks,
          orc_0_dummy, enter_bailey_4
Temple:   dpeg_three_leaves_temple
Lair:1:   layout_roguey, enter_volcano_1, st_stairs_11,
          nicolae_quartered_pool_medium
Lair:2:   nzn_winding_woodlands_stair_cross [nzn_winding_woodlands_5x15_cabin,
          nzn_winding_woodlands_center_pierced_h,
          nzn_winding_woodlands_5x15_lazy_stream,
          nzn_winding_woodlands_hourglass, nzn_winding_woodlands_5x5_default,
          nzn_winding_woodlands_5x15_default,
          nzn_winding_woodlands_center_garden,
          nzn_winding_woodlands_5x15_sawtooth], layout_regular_city, swamp_mist,
          dummy_snake_entry
Lair:3:   layout_misc_corridors, serial_bayou_shore_a, grunt_megastairs_4

Skill      XL: |  1  2  3  4  5  6  7  8  9 10 11 12 13 |
---------------+----------------------------------------+-----
Maces & Flails | 2 3 4 5 6 8 10 11 13 14 | 14.0
Invocations    | 1 2 3 4 5 7 9 11 13 14 15 | 15.4
Fighting       | 5 6 7 9 12 13 | 13.9
Evocations     | 3 |  3.0
Throwing       | |  0.1
Dodging        | |  1.7
Stealth        | |  3.7

Action                     |  1- 3 |  4- 6 |  7- 9 | 10-12 | 13-15 || total
---------------------------+-------+-------+-------+-------+-------++-------
  Melee: Mace              |   104 |   110 |   325 |       |       ||   539
         Punch             |       |     4 |     4 |     6 |       ||    14
         Flail             |       |       |    56 |   584 |       ||   640
         Giant club        |       |       |       |    39 |   113 ||   152
  Throw: Dart              |       |       |       |    56 |       ||    56
         Boomerang         |       |       |       |    47 |       ||    47
         Javelin           |       |       |       |     5 |     3 ||     8
         Large rock        |       |       |       |     1 |       ||     1
 Invoke: Upheaval          |       |       |     3 |     5 |     3 ||    11
         Elemental Force   |       |       |       |     4 |     1 ||     5
  Evoke: Wand              |     2 |     1 |    11 |     5 |     1 ||    20
    Use: Scroll            |     2 |       |       |    19 |       ||    21
         Potion            |       |     1 |       |     4 |       ||     5
   Stab: Sleeping          |     4 |       |       |       |       ||     4
         Distracted        |       |       |       |     1 |       ||     1
         Paralysed         |       |       |       |     2 |     2 ||     4
 Armour: Robe              |    42 |    45 |   178 |   266 |    38 ||   569
  Dodge: Dodged            |    71 |    70 |   163 |   246 |    32 ||   582
  Block: Other             |     2 |    14 |    90 |   349 |    38 ||   493
         Reflection        |       |       |     1 |     6 |       ||     7
